 Seeded DCSS version 0.30.1-11-g7821555f0a (webtiles) character file.

Game seed: 8617203140785432855 (custom seed)

15 Psyclone the Conjurer (level 2, 16/16 HPs)
             Began as a Deep Elf Conjurer on Nov 3, 2023.
             Quit the game on level 1 of the Dungeon.
             The game lasted 00:01:17 (488 turns).

Psyclone the Conjurer (Deep Elf Conjurer)            Turns: 488, Time: 00:01:18

Health: 16/16      AC:  4    Str:  4    XL:     2   Next: 34%
Magic:  8/8        EV: 12    Int: 22    God:
Gold:   3          SH:  0    Dex: 13    Spells: 6/7 levels left

rFire   . . .        (no weapon)
rCold   . . .        (no shield)
rNeg    . . .        a - +0 robe
rPois   .            (no helmet)
rElec   .            (no cloak)
rCorr   .            (no gloves)
SInv    .            (no boots)
Will    .....        (no amulet)
Stlth   ++           (no ring)
HPRegen 1.02/turn    (no ring)
MPRegen 0.11/turn

%: no passive effects
@: no status effects
A: iridescent scales 1, passive freeze, regeneration 1, robust 1
a: no special abilities


You were on level 1 of the Dungeon.
You visited 1 branch of the dungeon, and saw 1 of its levels.

You collected 3 gold pieces.

Inventory:

Armour
 a - a +0 robe (worn)
Scrolls
 d - a scroll of torment {unknown}
 f - a scroll of identify {unknown}
Potions
 b - a potion of magic
 c - a potion of mutation
 e - a potion of degeneration {unknown}
 g - 2 potions of flight {unknown}
 h - a potion of curing {unknown}


   Skills:
 - Level 2.4 Dodging
 - Level 2.4 Stealth
 - Level 3.0 Spellcasting
 + Level 5.1 Conjurations


You had 6 spell levels left.
You knew the following spells:

 Your Spells              Type           Power      Damage    Failure   Level
a - Magic Dart            Conj           100%       1d8       1%          1

Your spell library contained the following spells:

 Spells                   Type           Power      Damage    Failure   Level
 Searing Ray              Conj           50%        2d6       2%          2
 Dazzling Flash           Conj/Hex       28%        N/A       13%         3
 Fulminant Prism          Conj/Hex       7%         3d7       41%         4
 Iskenderun's Mystic Bla  Conj/Tloc      14%        2d5       41%         4


Dungeon Overview and Level Annotations

Branches:
Dungeon (1/15) Zot: 5512

Altars:

Shops:
D:1 (


Innate Abilities, Weirdness & Mutations

You are partially covered in iridescent scales. (AC +2)
A frigid envelope surrounds you and freezes all who hurt you.
Your natural rate of healing is unusually fast.
You are robust. (+10% HP)


Message History

You open the door.
There is an open door here.
Key pressed, stopping explore.
Key pressed, stopping explore.
d - a scroll labelled FOAWNU QOZXOA Health restored: 16
Found a sling.
You now have 3 gold pieces.
e - a bubbling green potion Key pressed, stopping explore.
Key pressed, stopping explore.
Key pressed, stopping explore.
Key pressed, stopping explore.
Key pressed, stopping explore.
f - a scroll labelled MUOROW QISKODI Key pressed, stopping explore.
g - a glowing grey potion Key pressed, stopping explore.
h - a blue potion Key pressed, stopping explore.
You see here a +0 kite shield.
Key pressed, stopping explore.
g - 2 glowing grey potions (gained 1) Key pressed, stopping explore.
Found a stone staircase leading down.
The hobgoblin shouts!
A hobgoblin is nearby!
A hobgoblin is nearby!
A hobgoblin is nearby!
A hobgoblin is nearby!
A hobgoblin is nearby!
The hobgoblin closely misses you. The hobgoblin hits you.
The hobgoblin is very cold.
You kill the hobgoblin!
You take 2 damage, and have 14/16 hp.
Health restored: 16
Found Doiquot's Antique Weapon Shop.
Unknown command.
Unknown command.
Are you sure you want to abandon this character and quit the game? (Confirm with "yes".)

#.......................##..
#..................#....##..
#.....##+##.##########...#..
#....###.##.# #.#....
#....###.##.### ....>..
#............. ##.###..
###.####.##.# #.# #....#
#.####..#@# #.........#
#.......#.# #.#####.#.# #.#
#.#.# #.# #.#.. #∩# #.#.#
#.# #.... ### ###.#


There were no monsters in sight!

Vanquished Creatures
  A dart slug (D:1)
  2 giant cockroaches (D:1)
  2 hobgoblins (D:1)
  A quokka (D:1)
  A ball python (D:1)
  4 bats (D:1)
  A frilled lizard (D:1)
  A kobold (D:1)
13 creatures vanquished.

Notes
Turn   | Place    | Note
-------+----------+-------------------------------------------
     0 | D:1      | Psyclone the Deep Elf Conjurer began the quest for the Orb.
     0 | D:1      | Reached XP level 1. HP: 10/10 MP: 6/6
   196 | D:1      | Gained mutation: A frigid envelope surrounds you and
                  | freezes all who hurt you. [potion of mutation]
   196 | D:1      | Gained mutation: You are robust. (+10% HP) [potion of
                  | mutation]
   196 | D:1      | Gained mutation: You are partially covered in iridescent
                  | scales. (AC +2) [potion of mutation]
   196 | D:1      | Gained mutation: Your natural rate of healing is unusually
                  | fast. [potion of mutation]
   230 | D:1      | Reached XP level 2. HP: 16/16 MP: 8/8
   285 | D:1      | Reached skill level 5 in Conjurations
   475 | D:1      | Found Doiquot's Antique Weapon Shop.
   488 | D:1      | Quit the game

Illustrated notes

Levels and vault maps discovered:
D:1:      dpeg_arrival_stonehenge_12_columns, layout_basic, serial_shops, shop

Skill      XL: |  1  2 |
---------------+-------+-----
Conjurations   | 5 |  5.1
Dodging        | |  2.4
Stealth        | |  2.4
Spellcasting   | |  3.0

Action                     || total
---------------------------++-------
   Cast: Magic Dart        ||     3
    Use: Potion            ||     1
 Armour: Robe              ||    12
  Dodge: Dodged            ||    14
